General information
- name: BNet
- type: Ladder team game (AT/RT)
- host: Battle.net
- saver: TicksAndLeeches
map: Cherryville
- players: 8
- length: 44:28
- speed: Fast
- version: 1.26 W3XP
- replay type: Public
» download(255 KB)
Players
team 1 (loser)
UbeHome (
red | 82 APM | 2352 actions | 28:36)
6 Archmage
3 Summon Water Elemental
2 Brilliance Aura
1 Mass Teleport
5 Paladin
2 Holy Light
2 Devotion Aura
1 Divine Shield
» actions
| Assign group hotkey | 4 | |
| Basic commands | 118 | |
| Build / train | 119 | |
| Enter build submenu | 35 | |
| Enter hero's abilities submenu | 11 | |
| Give item / drop item | 1 | |
| Remove unit from queue | 3 | |
| Right click | 902 | |
| Select / deselect | 455 | |
| Select group hotkey | 447 | |
| Use ability | 257 | |
2352 total
» units
| Peasant | 37 | |
| Footman | 6 | |
| Rifleman | 10 | |
| Mortar Team | 7 | |
| Siege Engine | 3 | |
63 total
» upgrades
| Defend | 1 | |
| Masonry | 2 | |
| Gunpowder | 3 | |
| Long Rifles | 1 | |
| Lumber Harvesting | 1 | |
| Armor | 3 | |
| Flare | 1 | |
| Fragmentation Shards | 1 | |
| Barrage | 1 | |
| Plating | 1 | |
15 total
» buildings
| Altar of Kings | 1 | |
| Farm | 16 | |
| Barracks | 1 | |
| Lumber Mill | 1 | |
| Scout Tower | 8 | |
| Guard Tower | 8 | |
| Town Hall | 3 | |
| Keep | 1 | |
| Arcane Vault | 1 | |
| Blacksmith | 1 | |
| Workshop | 2 | |
| Castle | 1 | |
44 total
» build order
00:15 Altar of Kings
00:28 Farm
00:50 Barracks
00:59 Farm
01:37 Lumber Mill
01:42 Farm
02:07 Scout Tower
02:10 Farm
03:04 Guard Tower
03:06 Scout Tower
03:11 Farm
04:21 Scout Tower
04:22 Scout Tower
04:27 Town Hall
04:29 Scout Tower
04:32 Scout Tower
04:52 Guard Tower
04:53 Guard Tower
05:04 Scout Tower
05:08 Guard Tower
06:30 Keep
06:34 Arcane Vault
07:24 Guard Tower
07:31 Blacksmith
07:34 Farm
07:50 Guard Tower
08:00 Farm
08:04 Farm
08:21 Scout Tower
09:15 Workshop
09:25 Farm
09:27 Farm
11:25 Castle
11:51 Farm
11:54 Farm
12:15 Workshop
13:06 Farm
13:06 Farm
13:07 Farm
13:08 Farm
14:16 Town Hall
22:42 Town Hall
» items
| Boots of Speed | 1 | |
| Scroll of Regeneration | 1 | |
| Scroll of Town Portal | 3 | |
5 total

»
hoeplz (
green | 67 APM | 2997 actions | 44:28)
8 Tauren Chieftain
3 War Stomp
3 Endurance Aura
1 Reincarnation
1 Shockwave
» actions
| Assign group hotkey | 43 | |
| Basic commands | 57 | |
| Build / train | 78 | |
| Enter build submenu | 23 | |
| Enter hero's abilities submenu | 8 | |
| Give item / drop item | 2 | |
| Remove unit from queue | 1 | |
| Right click | 1309 | |
| Select / deselect | 625 | |
| Select group hotkey | 763 | |
| Use ability | 88 | |
2997 total
» units
| Peon | 12 | |
| Grunt | 10 | |
| Tauren | 3 | |
| Shaman | 7 | |
| Troll Headhunter/Berserker | 5 | |
37 total
» upgrades
| Melee Weapons | 3 | |
| Pillage | 1 | |
| Berserker Strength | 1 | |
| Troll Regeneration | 1 | |
| Pulverize | 1 | |
| Shaman Training | 2 | |
| Berserker Upgrade | 1 | |
| Reinforced Defenses | 1 | |
| Ranged Weapons | 2 | |
13 total
» buildings
| Altar of Storms | 1 | |
| Orc Burrow | 5 | |
| Barracks | 2 | |
| Voodoo Lounge | 1 | |
| Stronghold | 1 | |
| War Mill | 1 | |
| Fortress | 1 | |
| Tauren Totem | 2 | |
| Spirit Lodge | 1 | |
| Watch Tower | 3 | |
| Great Hall | 5 | |
23 total
» build order
00:08 Altar of Storms
00:14 Orc Burrow
01:15 Barracks
01:38 Orc Burrow
01:53 Barracks
02:19 Voodoo Lounge
02:44 Orc Burrow
04:42 Stronghold
05:41 War Mill
06:36 Orc Burrow
07:53 Fortress
10:17 Tauren Totem
10:19 Tauren Totem
11:13 Spirit Lodge
16:54 Watch Tower
17:28 Watch Tower
18:02 Watch Tower
18:14 Orc Burrow
20:02 Great Hall
23:21 Great Hall
23:55 Great Hall
27:05 Great Hall
27:13 Great Hall
» items
| Boots of Speed | 1 | |
| Healing Salve | 3 | |
| Scroll of Speed | 1 | |
| Scroll of Town Portal | 5 | |
| Scroll of Regeneration | 2 | |
| Potion of Healing | 2 | |
| Orb of Lightning | 1 | |
| Potion of Lesser Invulnerability | 1 | |
16 total
TicksAndLeeches (
purple | 41 APM | 1844 actions | 44:28)
7 Archmage
3 Summon Water Elemental
3 Brilliance Aura
1 Mass Teleport
» actions
| Assign group hotkey | 36 | |
| Basic commands | 191 | |
| Build / train | 95 | |
| Enter build submenu | 59 | |
| Enter hero's abilities submenu | 7 | |
| Give item / drop item | 13 | |
| Right click | 616 | |
| Select / deselect | 379 | |
| Select group hotkey | 282 | |
| Use ability | 162 | |
1844 total
» units
| Peasant | 13 | |
| Footman | 4 | |
| Goblin Shredder | 1 | |
| Gryphon Rider | 17 | |
| Goblin Sapper | 9 | |
| Acolyte | 1 | |
45 total
» upgrades
| Animal War Training | 1 | |
| Swords | 3 | |
| Armor | 3 | |
| Masonry | 3 | |
| Storm Hammers | 1 | |
| Cloud | 1 | |
12 total
» buildings
| Altar of Kings | 1 | |
| Barracks | 1 | |
| Farm | 12 | |
| Arcane Vault | 2 | |
| Keep | 1 | |
| Town Hall | 5 | |
| Lumber Mill | 1 | |
| Scout Tower | 39 | |
| Guard Tower | 10 | |
| Castle | 1 | |
| Gryphon Aviary | 4 | |
| Blacksmith | 3 | |
80 total
» build order
00:36 Altar of Kings
00:37 Barracks
00:50 Farm
01:05 Farm
01:10 Farm
01:11 Farm
02:53 Arcane Vault
03:45 Keep
04:09 Town Hall
04:19 Lumber Mill
04:38 Scout Tower
04:40 Scout Tower
04:44 Scout Tower
04:46 Scout Tower
05:20 Guard Tower
06:28 Castle
07:35 Guard Tower
07:44 Gryphon Aviary
07:46 Gryphon Aviary
07:49 Gryphon Aviary
08:02 Gryphon Aviary
08:09 Blacksmith
08:17 Blacksmith
08:23 Blacksmith
08:32 Farm
10:49 Scout Tower
10:50 Scout Tower
10:50 Scout Tower
10:51 Scout Tower
10:53 Scout Tower
10:54 Scout Tower
10:55 Scout Tower
10:56 Scout Tower
12:02 Guard Tower
17:59 Scout Tower
18:00 Scout Tower
18:01 Scout Tower
18:02 Scout Tower
18:03 Scout Tower
18:05 Scout Tower
18:41 Town Hall
18:44 Town Hall
18:47 Scout Tower
18:47 Scout Tower
18:47 Scout Tower
18:48 Scout Tower
18:49 Scout Tower
18:49 Scout Tower
18:50 Scout Tower
18:56 Scout Tower
19:03 Arcane Vault
19:09 Scout Tower
19:10 Scout Tower
19:10 Scout Tower
19:11 Scout Tower
19:21 Guard Tower
19:33 Guard Tower
19:39 Scout Tower
19:40 Scout Tower
19:41 Scout Tower
19:42 Scout Tower
19:48 Guard Tower
19:50 Guard Tower
20:34 Guard Tower
22:36 Guard Tower
23:16 Farm
23:17 Farm
23:18 Farm
23:20 Farm
23:21 Farm
23:23 Farm
23:24 Farm
25:57 Town Hall
26:04 Town Hall
26:25 Scout Tower
26:26 Scout Tower
26:26 Scout Tower
26:27 Scout Tower
27:23 Guard Tower
» items
| Scroll of Regeneration | 6 | |
| Mechanical Critter | 3 | |
| Scroll of Town Portal | 4 | |
| Staff of Sanctuary | 1 | |
| Staff of Teleportation | 1 | |
| Periapt of Vitality | 1 | |
| Potion of Lesser Invulnerability | 1 | |
| Potion of Healing | 1 | |
18 total
Sir_Mark (
blue | 36 APM | 1094 actions | 30:43)
7 Death Knight
3 Death Coil
3 Unholy Aura
1 Animate Dead
» actions
| Assign group hotkey | 13 | |
| Basic commands | 2 | |
| Build / train | 58 | |
| Enter build submenu | 27 | |
| Enter hero's abilities submenu | 7 | |
| Remove unit from queue | 1 | |
| Right click | 368 | |
| Select / deselect | 201 | |
| Select group hotkey | 363 | |
| Use ability | 54 | |
1094 total
» units
| Acolyte | 15 | |
| Ghoul | 5 | |
| Frost Wyrm | 10 | |
30 total
» upgrades
| Creature Attack | 3 | |
| Creature Carapace | 3 | |
| Freezing Breath | 1 | |
7 total
» buildings
| Halls of the Dead | 1 | |
| Altar of Darkness | 1 | |
| Crypt | 1 | |
| Ziggurat | 9 | |
| Nerubian Tower | 2 | |
| Black Citadel | 1 | |
| Sacrificial Pit | 2 | |
| Graveyard | 1 | |
| Boneyard | 3 | |
| Spirit Tower | 4 | |
25 total
» build order
00:39 Halls of the Dead
00:59 Altar of Darkness
01:36 Crypt
02:25 Ziggurat
03:39 Nerubian Tower
04:45 Ziggurat
04:48 Black Citadel
05:31 Sacrificial Pit
05:42 Sacrificial Pit
05:46 Ziggurat
05:49 Ziggurat
05:56 Graveyard
06:59 Nerubian Tower
07:14 Ziggurat
07:25 Boneyard
07:51 Spirit Tower
07:52 Spirit Tower
08:15 Spirit Tower
10:15 Boneyard
10:23 Boneyard
13:49 Ziggurat
19:24 Spirit Tower
19:38 Ziggurat
19:46 Ziggurat
27:40 Ziggurat
» items
| Orb of Fire | 1 | |
| Scroll of Regeneration | 2 | |
| Scroll of Town Portal | 1 | |
4 total
team 2 (winner)

»
bottle-up (
yellow | 30 APM | 1355 actions | 44:28)
4 Death Knight
2 Death Coil
1 Death Pact
1 Unholy Aura
1 Shadow Hunter
1 Big Bad Voodoo
» actions
| Basic commands | 28 | |
| Build / train | 67 | |
| Enter build submenu | 31 | |
| Enter hero's abilities submenu | 5 | |
| Give item / drop item | 3 | |
| Remove unit from queue | 1 | |
| Right click | 699 | |
| Select / deselect | 265 | |
| Use ability | 256 | |
1355 total
» units
| Acolyte | 3 | |
| Ghoul | 4 | |
| Crypt Fiend | 11 | |
| Obsidian Statue | 5 | |
| Peasant | 13 | |
| Footman | 3 | |
| Rifleman | 5 | |
44 total
» upgrades
| Creature Attack | 2 | |
| Creature Carapace | 1 | |
| Web | 1 | |
| Destroyer Form | 1 | |
| Burrow | 1 | |
6 total
» buildings
| Crypt | 1 | |
| Ziggurat | 7 | |
| Altar of Darkness | 2 | |
| Graveyard | 1 | |
| Halls of the Dead | 1 | |
| Black Citadel | 1 | |
| Slaughterhouse | 1 | |
| Tomb of Relics | 1 | |
| Sacrificial Pit | 1 | |
| Spirit Tower | 3 | |
| Town Hall | 5 | |
| Barracks | 1 | |
| Farm | 2 | |
| Blacksmith | 1 | |
| Altar of Kings | 1 | |
29 total
» build order
00:29 Crypt
00:36 Ziggurat
00:41 Altar of Darkness
01:15 Graveyard
01:28 Ziggurat
02:17 Ziggurat
03:51 Halls of the Dead
05:22 Ziggurat
06:48 Black Citadel
06:53 Slaughterhouse
07:01 Tomb of Relics
07:47 Ziggurat
08:13 Sacrificial Pit
10:12 Spirit Tower
10:46 Spirit Tower
11:14 Spirit Tower
12:13 Altar of Darkness
13:01 Ziggurat
15:17 Ziggurat
26:51 Town Hall
27:01 Barracks
29:09 Farm
30:21 Town Hall
33:33 Blacksmith
35:18 Altar of Kings
36:32 Farm
36:47 Town Hall
37:33 Town Hall
39:09 Town Hall
» items
| Potion of Healing | 1 | |
| Scroll of Town Portal | 2 | |
| Orb of Corruption | 1 | |
| Tiny Great Hall | 1 | |
5 total
Ghoma (
teal | 46 APM | 1163 actions | 25:13)
3 Tauren Chieftain
2 War Stomp
1 Endurance Aura
5 Shadow Hunter
3 Healing Wave
2 Serpent Ward
» actions
| Assign group hotkey | 31 | |
| Basic commands | 1 | |
| Build / train | 88 | |
| Enter build submenu | 25 | |
| Enter hero's abilities submenu | 8 | |
| Give item / drop item | 6 | |
| Remove unit from queue | 6 | |
| Right click | 366 | |
| Select / deselect | 335 | |
| Select group hotkey | 196 | |
| Use ability | 100 | |
1163 total
» units
| Peon | 22 | |
| Troll Headhunter/Berserker | 19 | |
| Shaman | 3 | |
| Troll Witch Doctor | 5 | |
| Demolisher | 1 | |
| Kobold Geomancer | 1 | |
| Assassin | 1 | |
| Murloc Huntsman | 1 | |
| Kobold | 1 | |
54 total
» upgrades
| Ranged Weapons | 2 | |
| Shaman Training | 2 | |
| Armor | 2 | |
| Witch Doctor Training | 2 | |
| Berserker Upgrade | 1 | |
9 total
» buildings
| Altar of Storms | 1 | |
| Orc Burrow | 16 | |
| War Mill | 1 | |
| Barracks | 2 | |
| Voodoo Lounge | 1 | |
| Stronghold | 1 | |
| Watch Tower | 8 | |
| Great Hall | 2 | |
| Spirit Lodge | 2 | |
| Fortress | 1 | |
35 total
» build order
00:10 Altar of Storms
00:12 Orc Burrow
00:50 War Mill
01:00 Barracks
01:58 Orc Burrow
02:56 Voodoo Lounge
03:23 Orc Burrow
03:49 Stronghold
04:21 Watch Tower
05:32 Great Hall
05:35 Watch Tower
05:49 Great Hall
05:52 Watch Tower
06:35 Orc Burrow
07:37 Watch Tower
07:43 Spirit Lodge
07:53 Orc Burrow
08:42 Fortress
10:15 Watch Tower
10:38 Orc Burrow
12:09 Barracks
12:33 Spirit Lodge
14:31 Orc Burrow
14:32 Orc Burrow
14:34 Orc Burrow
14:35 Orc Burrow
14:48 Orc Burrow
15:47 Orc Burrow
15:49 Orc Burrow
16:07 Watch Tower
16:08 Watch Tower
16:12 Watch Tower
18:28 Orc Burrow
18:29 Orc Burrow
18:30 Orc Burrow
» items
| Healing Salve | 4 | |
| Lesser Clarity Potion | 1 | |
| Scroll of Town Portal | 1 | |
| Scroll of Speed | 1 | |
7 total
ADFLDSAJFDSAL (
orange | 70 APM | 3105 actions | 44:27)
8 Blademaster
3 Wind Walk
3 Critical Strike
1 Bladestorm
1 Mirror Image
» actions
| Assign group hotkey | 40 | |
| Basic commands | 84 | |
| Build / train | 61 | |
| Enter build submenu | 24 | |
| Enter hero's abilities submenu | 8 | |
| Give item / drop item | 1 | |
| Right click | 1490 | |
| Select / deselect | 317 | |
| Select group hotkey | 754 | |
| Use ability | 326 | |
3105 total
» units
| Peon | 13 | |
| Wind Rider | 9 | |
| Goblin Shredder | 1 | |
| Troll Batrider | 2 | |
| Goblin Sapper | 1 | |
| Raider | 4 | |
30 total
» upgrades
| Reinforced Defenses | 1 | |
| Envenomed Spears | 1 | |
| Ensnare | 1 | |
3 total
» buildings
| Altar of Storms | 1 | |
| Orc Burrow | 6 | |
| War Mill | 1 | |
| Voodoo Lounge | 1 | |
| Watch Tower | 39 | |
| Stronghold | 2 | |
| Beastiary | 3 | |
| Fortress | 2 | |
| Great Hall | 1 | |
56 total
» build order
00:06 Altar of Storms
00:15 Orc Burrow
00:36 War Mill
01:05 Voodoo Lounge
01:50 Watch Tower
02:18 Watch Tower
02:35 Watch Tower
03:32 Stronghold
03:32 Stronghold
03:48 Orc Burrow
03:48 Orc Burrow
03:49 Orc Burrow
05:55 Beastiary
05:57 Beastiary
06:01 Fortress
06:01 Fortress
07:04 Watch Tower
07:04 Watch Tower
10:24 Watch Tower
10:24 Watch Tower
10:25 Watch Tower
10:25 Watch Tower
10:26 Watch Tower
10:26 Watch Tower
11:53 Watch Tower
11:53 Watch Tower
11:53 Watch Tower
11:54 Watch Tower
13:48 Beastiary
14:55 Watch Tower
14:55 Watch Tower
14:56 Watch Tower
15:25 Watch Tower
15:26 Watch Tower
15:28 Orc Burrow
17:06 Watch Tower
17:07 Watch Tower
17:07 Watch Tower
17:08 Watch Tower
17:08 Watch Tower
18:36 Watch Tower
18:36 Watch Tower
18:37 Watch Tower
18:38 Watch Tower
18:38 Watch Tower
20:13 Orc Burrow
21:53 Great Hall
21:55 Watch Tower
21:55 Watch Tower
21:56 Watch Tower
21:56 Watch Tower
23:17 Watch Tower
23:18 Watch Tower
23:18 Watch Tower
23:19 Watch Tower
23:20 Watch Tower
» items
| Healing Salve | 3 | |
| Lesser Clarity Potion | 3 | |
| Boots of Speed | 1 | |
| Staff of Teleportation | 1 | |
| Tiny Great Hall | 1 | |
| Potion of Healing | 1 | |
| Scroll of Town Portal | 1 | |
| Potion of Mana | 2 | |
| Orb of Lightning | 1 | |
14 total
Didi14 (
pink | 86 APM | 2136 actions | 24:56)
4 Archmage
2 Summon Water Elemental
2 Brilliance Aura
1 Mountain King
1 Storm Bolt
» actions
| Assign group hotkey | 42 | |
| Basic commands | 5 | |
| Build / train | 109 | |
| Enter build submenu | 31 | |
| Enter hero's abilities submenu | 5 | |
| Give item / drop item | 5 | |
| Remove unit from queue | 13 | |
| Right click | 768 | |
| Select / deselect | 482 | |
| Select group hotkey | 616 | |
| Use ability | 60 | |
2136 total
» units
| Peasant | 15 | |
| Footman | 17 | |
| Flying Machine | 21 | |
| Mortar Team | -1 | |
| Siege Engine | 6 | |
58 total
» upgrades
| Defend | 1 | |
| Gunpowder | 3 | |
| Flak Cannons | 1 | |
| Flying Machine Bombs | 1 | |
| Plating | 2 | |
| Barrage | 1 | |
| Masonry | 1 | |
10 total
» buildings
| Altar of Kings | 1 | |
| Farm | 13 | |
| Barracks | 1 | |
| Arcane Vault | 1 | |
| Town Hall | 1 | |
| Scout Tower | 7 | |
| Arcane Tower | 3 | |
| Lumber Mill | 1 | |
| Keep | 1 | |
| Guard Tower | 3 | |
| Blacksmith | 1 | |
| Workshop | 3 | |
| Castle | 1 | |
37 total
» build order
00:07 Altar of Kings
00:14 Farm
00:26 Barracks
01:08 Farm
01:45 Farm
01:49 Farm
02:46 Arcane Vault
05:47 Town Hall
05:55 Scout Tower
05:58 Scout Tower
06:14 Scout Tower
06:25 Scout Tower
06:34 Arcane Tower
06:44 Lumber Mill
06:49 Arcane Tower
07:14 Keep
07:57 Guard Tower
09:00 Scout Tower
09:05 Scout Tower
09:19 Scout Tower
09:45 Guard Tower
09:46 Arcane Tower
09:48 Guard Tower
11:48 Blacksmith
14:01 Workshop
14:02 Workshop
15:12 Farm
15:14 Keep
15:18 Castle
16:04 Farm
16:42 Farm
17:00 Farm
17:48 Farm
18:30 Farm
18:31 Farm
20:11 Farm
22:25 Farm
23:09 Workshop
» items
| Scroll of Healing | 2 | |
| Potion of Healing | 1 | |
| Orb of Corruption | 1 | |
| Scroll of Regeneration | 2 | |
| Scroll of Town Portal | 4 | |
| Lesser Clarity Potion | 2 | |
| Orb of Fire | 1 | |
13 total
Chat log
(00:05 / Allies) Sir_Mark: 100 wood pls
(00:18 / Allies) UbeHome: not 100g?
(00:23 / Allies) Sir_Mark: thanks
(01:01 / Allies) hoeplz: i'll mass grunts then
(01:03 / Allies) hoeplz: lol
(01:09 / Allies) UbeHome: i'll mass foot too
(01:11 / Allies) UbeHome: sure win
(01:28 / Allies) UbeHome: jk i'll make chims and frost
(02:07 / Allies) hoeplz: i think
(02:13 / Allies) hoeplz: u are supposed 2 get a 2nd nec
(02:15 / Allies) UbeHome: therefor i am
(02:45 / Allies) Sir_Mark: wood pls
(03:08 / Allies) Sir_Mark: mp
(03:11 / Allies) Sir_Mark: maphacker
(03:23 / Allies) UbeHome: or hes bm
(03:23 / Allies) hoeplz: yep
(03:50 / Allies) hoeplz: yea mark
(04:14 / Allies) hoeplz: if u get a 2nd necrolisp
(04:30 / Allies) hoeplz: can get zig later
(08:10 / Allies) Sir_Mark: oj is making bats i bert
(09:49 / Allies) UbeHome: nj
(10:30 / Allies) hoeplz: hero
(11:39 / Allies) UbeHome: out
(11:40 / Allies) UbeHome: dis bitch
(11:45 / Allies) hoeplz: 100w
(11:46 / Allies) hoeplz: plz
(12:05 / Allies) hoeplz: killed yellow hero and altar
(12:06 / Allies) hoeplz: haha
(12:12 / Allies) UbeHome: lma
(12:23 / Allies) hoeplz: lets go
(12:37 / Allies) UbeHome: lagigng
(13:56 / Allies) hoeplz: k
(14:48 / Allies) UbeHome: ima hit
(14:55 / Allies) Sir_Mark: lets move together
(14:55 / Allies) hoeplz: meet
(15:00 / Allies) UbeHome: wait no tp
(15:11 / Allies) UbeHome: jk i do
(15:14 / Allies) UbeHome: forgetting
(15:16 / Allies) hoeplz: i'll proabbly get level 9 or 10 thig game hha
(15:24 / Allies) UbeHome: single hero lvl fast
(15:34 / Allies) hoeplz: ive killed atleat 5 heros
(15:44 / All) hoeplz: sup hax
(16:33 / Allies) hoeplz: who has AA
(16:39 / Allies) UbeHome: sheet
(16:57 / All) UbeHome: nice mh
(17:05 / All) hoeplz: yeah he aint even trippin
(17:13 / Allies) hoeplz: main
(17:36 / All) TicksAndLeeches: might awnt to defend your own base retard
(17:44 / Allies) hoeplz: wood plz
(18:06 / Allies) Sir_Mark: aa rto red
(18:19 / Allies) UbeHome: o man
(18:23 / Allies) UbeHome: watch fotr those copters
(19:05 / Allies) hoeplz: out
(19:06 / Allies) UbeHome: out
(19:08 / Allies) hoeplz: its just 2
(19:48 / Allies) UbeHome: meet
(19:53 / Allies) UbeHome: jk
(19:59 / Allies) UbeHome: tanks pumping
(20:07 / All) TicksAndLeeches: I love auto cast web
(20:18 / All) UbeHome: no my secret farm
(20:28 / All) TicksAndLeeches: yellow can a move and net all my air alt tabbed
(20:38 / Allies) hoeplz: wood pz
(21:17 / Allies) TicksAndLeeches: top green
(21:33 / All) UbeHome: gggggggg
(21:56 / All) hoeplz: KORAE
(21:57 / All) hoeplz: KOREA
(22:28 / All) hoeplz: FAIL
(22:28 / Allies) Sir_Mark: ok hacks
(22:33 / All) hoeplz: MH CANNOT SAVE YOU
(22:36 / All) ADFLDSAJFDSAL: shut up nigger
(22:42 / All) hoeplz: RAGE
(25:11 / All) Ghoma: some day green
(25:37 / Allies) hoeplz: WHAT
(25:38 / Allies) hoeplz: LOL
(25:49 / Allies) UbeHome: go green
(25:51 / Allies) UbeHome: i'll heal
(25:52 / Allies) UbeHome: and to
(25:53 / Allies) UbeHome: tp
(26:00 / Allies) UbeHome: run into oj
(26:45 / Allies) UbeHome: tauren
(26:47 / Allies) UbeHome: i'll tp
(26:53 / Allies) hoeplz: JUST WALK
(26:54 / Allies) hoeplz: ......
(26:59 / Allies) UbeHome: i like it go boom
(27:07 / Allies) hoeplz: PLZ
(27:08 / Allies) hoeplz: OG
(27:09 / Allies) hoeplz: OGOGGO
(28:01 / Allies) Sir_Mark: gokld pls
(28:33 / All) UbeHome: gggggggggggggggg
(29:33 / Allies) Sir_Mark: wtf?
(29:53 / Allies) hoeplz: LETSG O
(29:58 / Allies) TicksAndLeeches: Rule number one of Battle Net
(29:58 / Allies) Sir_Mark: purpo killed me
(30:01 / Allies) TicksAndLeeches: Never trust anyone
(31:17 / All) ADFLDSAJFDSAL: owne dlol
(33:14 / All) ADFLDSAJFDSAL: ur a little quiet now tough guy green
(35:34 / All) ADFLDSAJFDSAL: what do tetnis shots do
(35:51 / All) TicksAndLeeches: innoculate you to tetanus
(40:03 / All) ADFLDSAJFDSAL: LOL
(40:09 / All) ADFLDSAJFDSAL: first tim eyellow talks
(40:13 / All) ADFLDSAJFDSAL: "you just very stupid"
(40:17 / All) TicksAndLeeches: lol
(41:59 / All) ADFLDSAJFDSAL: 30 more sec
(42:21 / All) ADFLDSAJFDSAL: yes
(44:22 / All) ADFLDSAJFDSAL: good bye
(44:27 / All) TicksAndLeeches: Good luck gents